Map: 2000 Atmospheres LE

Players

larsgj - Winner!

  • Race: Terran Terran
  • Spawn Location: 3:00

VOD

Have the link to the VOD?

Description

Time

  • Played on: Jan. 23, 2022, 9:55 a.m.
  • Length: 26:11
Show
View Real Time Build Order
Export as new Build Order

larsgj Terran - Winner!

Build Orders:  

Get SALT Encoding   

  12  0:02  SCV  
  13  0:25  SCV  
  14  0:35  Supply Depot  
  14  0:47  SCV  
  15  1:10  Supply Depot  
  15  1:20  Barracks  
  15  1:39  Command Center  
  15  1:51  Supply Depot  
  15  1:54  SCV  
  16  2:10  Refinery  
  16  2:14  Refinery  
  16  2:18  SCV  
  17  2:39  Bunker  
  17  2:41  Marine  
  18  3:06  Marine  
  18  3:08  Bunker  
  19  3:21  SCV  
  20  3:30  Marine  
  20  3:36  Refinery  
  20  3:38  SCV  
  22  3:55  Marine  
  23  4:00  Supply Depot  
  23  4:12  SCV  
  24  4:20  Marine  
  24  4:29  SCV  
  26  4:32  Supply Depot  
  26  4:45  SCV  
  26  4:46  SCV  
  28  5:02  SCV  
  28  5:03  SCV  
  30  5:10  Marine  
  31  5:23  SCV  
  31  5:25  SCV  
  33  5:35  Marine  
  34  5:40  SCV  
  34  5:43  SCV  
  36  5:53  Refinery  
  36  5:57  SCV  
  37  6:16  Barracks Tech Lab  
  37  6:30  Supply Depot  
  37  6:45  SCV  
  38  7:01  Supply Depot  
  38  7:02  SCV  
  39  7:14  Engineering Bay  
  39  7:19  SCV  
  40  7:24  Orbital Command  
  40  7:32  Supply Depot  
  40  7:33  Marine  
  40  7:36  SCV  
  42  7:53  Terran Infantry Weapons Level 1, SCV  
  42  7:58  Marine  
  44  8:11  Orbital Command  
  44  8:23  Marine  
  45  8:34  Missile Turret  
  45  8:48  Marine  
  45  9:06  Missile Turret  
  44  9:20  Factory  
  44  9:36  Missile Turret  
  44  10:14  Missile Turret  
  44  10:29  Armory  
  44  10:33  Terran Infantry Armor Level 1  
  44  10:38  Starport  
  44  11:31  Starport  
  44  11:32  Fusion Core  
  44  11:38  Starport Tech Lab  
  44  12:00  Terran Ship Weapons Level 1  
  44  12:26  Starport Tech Lab  
  44  12:39  Battlecruiser  
  50  13:00  Battlecruiser  
  56  13:33  Hi-Sec Auto Tracking  
  56  14:04  Weapon Refit  
  56  14:09  Battlecruiser  
  62  14:30  Battlecruiser  
  62  14:33  Terran Infantry Weapons Level 2  
  62  14:34  Command Center  
  68  14:40  Terran Vehicle And Ship Armor Level 1  
  66  15:39  Battlecruiser  
  72  16:00  Battlecruiser  
  78  16:57  Orbital Command  
  78  17:09  Battlecruiser  
  84  17:13  Refinery  
  84  17:17  Refinery  
  84  17:20  Terran Ship Weapons Level 2  
  84  17:30  Battlecruiser  
  90  18:34  Supply Depot  
  90  18:39  Battlecruiser  
  96  19:00  Battlecruiser  
  96  19:03  Structure Armor  
  96  19:06  Supply Depot  
  102  19:38  Supply Depot  
  102  20:03  Terran Infantry Armor Level 2  
  102  20:09  Battlecruiser, Supply Depot  
  108  20:30  Battlecruiser, Terran Vehicle And Ship Armor Level 2  
  114  21:39  Battlecruiser  
  120  22:00  Battlecruiser  
  126  23:08  Battlecruiser  
  132  24:11  Battlecruiser  
  138  24:38  Battlecruiser  
  144  25:17  Unknown  
Tags
 
Add a new tag
Caveats
  • Supply blocks, unpowered buildings, or Contaminate may cause inaccurate times.
  • Supply counts are checked every 10 seconds.